 Dungeon Crawl Stone Soup version 0.25-a0-949-gdd2af9e06e (webtiles) character file.

Game seed: 12814312661994866358, levelgen mode: deterministic

284 Flugslaktarn the Chopper (level 6, 0/53 HPs)
             Began as a Minotaur Fighter on May 9, 2020.
             Was a Follower of Cheibriados.
             Slain by a worker ant (4 damage)
             ... on level 5 of the Dungeon.
             The game lasted 00:00:48 (1705 turns).

Flugslaktarn the Chopper (Minotaur Fighter)         Turns: 1705, Time: 00:00:49

Health: 0/53       AC:  7    Str: 23    XL:     6   Next: 7%
Magic:  4/6        EV:  7    Int:  7    God:    Cheibriados [*.....]
Gold:   85         SH: 10    Dex: 13    Spells: 5/5 levels left

rFire    . . .     SeeInvis .   a - +0 war axe
rCold    . . .     Gourm    .   c - +0 kite shield
rNeg     . . .     Faith    .   b - +0 scale mail
rPois    .         Spirit   .   (helmet restricted)
rElec    .         Reflect  .   (no cloak)
rCorr    .         Harm     .   (no gloves)
MR       .....                  (no boots)
Stlth    ..........             (no amulet)
HPRegen  0.17/turn              (no ring)
MPRegen  0.10/turn              (no ring)

@: mighty, lethally poisoned (0 -> -1), very slow
A: retaliatory headbutt, horns 2
a: Bend Time, Renounce Religion


You were on level 5 of the Dungeon.
You worshipped Cheibriados.
Cheibriados was aware of your devotion.
You were hungry.

You visited 1 branch of the dungeon, and saw 5 of its levels.

You collected 85 gold pieces.

Inventory:

Hand Weapons
 a - a +0 war axe (weapon)
Armour
 b - a +0 scale mail (worn)
 c - a +0 kite shield (worn)
Scrolls
 f - a scroll of fear {unknown}
 g - 2 scrolls of amnesia {unknown}
 j - 3 scrolls of identify {unknown}
 k - 2 scrolls of remove curse {unknown}
 l - a scroll of magic mapping {unknown}
 n - 3 scrolls of enchant weapon {unknown}
 o - a scroll of teleportation {unknown}
Potions
 d - a potion of might
 h - 3 potions of lignification {unknown}
 i - 2 potions of stabbing {unknown}
 m - a potion of curing {unknown}
 p - a potion of heal wounds {unknown}
Comestibles
 e - 3 rations


   Skills:
 + Level 4.7 Fighting
 * Level 5.0 Axes
 + Level 4.7 Armour
 + Level 4.7 Shields
 + Level 1.7 Invocations


You had 5 spell levels left.
You didn't know any spells.
Your spell library was empty.

Dungeon Overview and Level Annotations

Branches:
Dungeon (5/15)
 Temple: D:4-7

Altars:
Cheibriados
Makhleb


Innate Abilities, Weirdness & Mutations

You reflexively headbutt those who attack you in melee.
You have a pair of horns on your head.


Message History

You are too injured to fight recklessly!
You are too injured to fight recklessly!
You are too injured to fight recklessly!
You are too injured to fight recklessly!
You are too injured to fight recklessly!
You are too injured to fight recklessly!
You are too injured to fight recklessly!
You are too injured to fight recklessly!
You are too injured to fight recklessly!
Unknown command.
Okay, then.
You feel very mighty all of a sudden. Something hits you.
* * * LOW HITPOINT WARNING * * *
You hear some strange, mumbled words.
A puff of flame appears from out of thin air!
The puff of flame hits you.
* * * LOW HITPOINT WARNING * * *
You block the orc priest's attack. The worker ant bites you.
You die...

#........#..# #.#
#....$...#...# #..#
#..%.....##...# .. #...#
#........ #....#..#....#
+........ #.##..# ..# ..
#.......# #.##..##..##..
#..!..{o# #....#..#....#
#.....{@###...#....#...#
#.....a......#..##..#...
....######..#...##..)#..
### ###..........#
##..######.# ##.######.#
#........## #.##.......
#.##.......


You could see a worker ant and an orc priest.

Vanquished Creatures
  An ice beast (D:5)
  A crimson imp (D:5)
  An orc priest (D:5)
  2 worker ants
  An orc wizard (D:3)
  2 adders
  An adder skeleton (D:4)
  2 worms (D:4)
  3 dart slugs
  A leopard gecko (D:4)
  4 orcs (D:3)
  3 giant cockroaches
  3 goblins
  2 hobgoblins (D:2)
  2 quokkas
  A frilled lizard (D:4)
  A kobold (D:2)
  A leopard gecko skeleton (D:4)
  2 rats (D:3)
34 creatures vanquished.

Notes
Turn   | Place    | Note
-------+----------+-------------------------------------------
     0 | D:1      | Flugslaktarn the Minotaur Fighter began the quest for the
                  | Orb.
     0 | D:1      | Reached XP level 1. HP: 19/19 MP: 0/0
   141 | D:2      | Reached skill level 3 in Axes
   141 | D:2      | Reached XP level 2. HP: 22/27 MP: 1/1
   209 | D:3      | Reached XP level 3. HP: 15/33 MP: 2/2
   409 | D:3      | Found a snail-covered altar of Cheibriados.
   441 | D:3      | Became a worshipper of Cheibriados the Contemplative
   514 | D:3      | Found a faded altar of an unknown god.
   608 | D:3      | Reached XP level 4. HP: 35/40 MP: 3/3
   753 | D:4      | Found a burning altar of Makhleb.
  1205 | D:4      | Reached skill level 4 in Axes
  1335 | D:4      | Reached * piety under Cheibriados
  1335 | D:4      | Reached skill level 1 in Invocations
  1382 | D:5      | Entered Level 5 of the Dungeon
  1443 | D:5      | Reached XP level 5. HP: 20/47 MP: 4/4
  1695 | D:5      | Noticed an ice beast
  1701 | D:5      | Killed an ice beast
  1701 | D:5      | Reached skill level 5 in Axes
  1701 | D:5      | Reached XP level 6. HP: 26/53 MP: 4/6
  1705 | D:5      | Slain by a worker ant

Levels and vault maps discovered:
D:1:      eino_arrival_druids_welcome, layout_basic, st_stairs_8,
          minmay_statues_item
D:2:      layout_loops_ring, marbit_many_paths
D:3:      layout_rooms, kennysheep_slug_shrine, chequers_ecumenical_altar_grove,
          first_ration
D:4:      layout_loops_ring, bloody_makhleb
D:5:      layout_basic, kennysheep_mini, ebering_ghost_reflecting_pool,
          supply_closet_lemuel, minivault_26, uniq_sigmund

Skill      XL: |  1  2  3  4  5 |
---------------+----------------+-----
Axes           | 3 4 5 |  5.0
Fighting       | 4 |  4.7
Armour         | 4 |  4.7
Shields        | 4 |  4.7
Invocations    | 1 |  1.7

Action                   |  1- 3 |  4- 6 || total
-------------------------+-------+-------++-------
Melee: War axe           |    49 |    51 ||   100
       Headbutt          |     9 |    12 ||    21
  Use: Potion            |       |     1 ||     1
  Eat: Chunk             |       |     2 ||     2
Armor: Scale mail        |    22 |    23 ||    45
Dodge: Dodged            |    18 |    17 ||    35
Block: Kite shield       |    25 |    25 ||    50

Table legend:
 A = Non-vault XP
 B = Vault XP
 C = Vault XP percentage of total XP
 D = Non-vault monster count
 E = Vault monster count
 F = Vault count percentage of total count
                 A         B        C        D         E       F
            +---------+---------+-------+---------+---------+-------
      Total |     402 |       4 |   1.0 |      33 |       1 |   2.9
            +---------+---------+-------+---------+---------+-------
        D:2 |      26 |       0 |   0.0 |       7 |       0 |   0.0
        D:3 |      73 |       4 |   5.2 |      13 |       1 |   7.1
        D:4 |      58 |       0 |   0.0 |       8 |       0 |   0.0
        D:5 |     245 |       0 |   0.0 |       5 |       0 |   0.0
            +---------+---------+-------+---------+---------+-------
